 Dungeon Crawl Stone Soup version 0.22-a0-185-ge330310 (webtiles) character file.

221 Amnesiac the Digger (level 5, 0/35 HPs)
             Began as a Mummy Earth Elementalist on Feb 15, 2018.
             Slain by a sky beast (5 damage)
             ... on level 5 of the Dungeon.
             The game lasted 00:04:20 (2732 turns).

Amnesiac the Digger (Mummy Earth Elementalist)      Turns: 2732, Time: 00:04:20

Health: 0/35       AC:  4    Str: 12    XL:     5   Next: 65%
Magic:  2/11       EV: 12    Int: 15    God:
Gold:   128        SH:  0    Dex: 12    Spells: 7/13 levels left

rFire    x . .     SeeInvis .   b - +2 hunting sling (freeze)
rCold    + . .     Gourm    .   (no shield)
rNeg     + + +     Faith    .   q - +2 robe {MR+}
rPois    ∞         Spirit   .   (no helmet)
rElec    .         Reflect  .   (no cloak)
rCorr    .         Harm     .   (no gloves)
MR       +....                  (no boots)
Stlth    ++........             (no amulet)
HPRegen  0.11/turn              (no ring)
MPRegen  0.12/turn              (no ring)

@: very slightly contaminated
A: no food or potions, fire vulnerability, cold resistance 1, negative energy
resistance 3, torment resistance, unbreathing
a: no special abilities


You were on level 5 of the Dungeon.
You were not hungry.

You visited 1 branch of the dungeon, and saw 5 of its levels.

You collected 128 gold pieces.

Inventory:

Hand Weapons
 a - a +1 short sword of speed
 b - a +2 hunting sling of freezing (weapon)
Missiles
 l - 47 stones (quivered)
Armour
 q - a +2 robe of magic resistance (worn)
Jewellery
 h - a cursed ring of teleportation {unknown}
 p - a +1 ring of evasion {unknown}
Wands
 m - a wand of iceblast (11)
Scrolls
 c - a scroll of fog {!r, unknown}
 e - 2 scrolls of remove curse {!r, unknown}
 f - a scroll of amnesia {!r, unknown}
 g - a scroll of noise {!r, unknown}
 i - 2 scrolls of enchant weapon {!r, unknown}
 j - 2 scrolls of blinking {!r, unknown}
 k - a scroll of teleportation {!r, unknown}
 n - 2 scrolls of immolation {!r, unknown}
 o - a scroll of identify {!r, unknown}
Books
 d - a book of Geomancy

   Spells                             Type                      Level
   a - Sandblast                      Earth                        1
   b - Passwall                       Transmutation/Earth          2
   c - Stone Arrow                    Conjuration/Earth            3
   d - Petrify                        Transmutation/Earth          4
   e - Lee's Rapid Deconstruction     Earth                        5


   Skills:
 - Level 1.5 Dodging
 - Level 1.5 Stealth
 + Level 4.6 Spellcasting
 - Level 0.7 Transmutations
 * Level 4.6 Earth Magic


You had 7 spell levels left.
You knew the following spells:

 Your Spells              Type           Power        Failure   Level  Hunger
a - Sandblast             Erth           ###...       2%          1    N/A
b - Passwall              Tmut/Erth      ##........   9%          2    N/A
c - Stone Arrow           Conj/Erth      ##....       21%         3    N/A

Dungeon Overview and Level Annotations

Branches:
Dungeon (5/15)
 Temple: D:4-7

Altars:
Ru
Yredelemnul
The Shining One


Innate Abilities, Weirdness & Mutations

You do not eat or drink.
Your flesh is vulnerable to fire.
You are immune to poison.
Your flesh is cold resistant. (rC+)
You are immune to negative energy. (rN+++)
You are immune to unholy pain and torment.
You can survive without breathing.


Message History

The hound misses you. The hound closely misses you.
A sky beast comes into view.
Casting: Sandblast (safe; 2% risk of failure)
Confirm with . or Enter, or press ? or * to list all spells.
Aiming: Sandblast (safe; 2% risk of failure)
Press: ? - help, Shift-Dir - straight line, f/p - hound
Aim: a hound (lightly wounded)
The blast of sand hits the hound.
The hound is moderately wounded.
l - 52 stones The hound closely misses you.
Casting: Sandblast (safe; 2% risk of failure)
Confirm with . or Enter, or press ? or * to list all spells.
Aiming: Sandblast (safe; 2% risk of failure)
Press: ? - help, Shift-Dir - straight line, f/p - hound
Aim: a hound (moderately wounded)
The blast of sand misses the hound.
l - 51 stones The hound bites you.
* * * LOW HITPOINT WARNING * * *
The hound bites you but does no damage.
Casting: Sandblast (safe; 2% risk of failure)
Confirm with . or Enter, or press ? or * to list all spells.
Aiming: Sandblast (safe; 2% risk of failure)
Press: ? - help, Shift-Dir - straight line, f/p - hound
Aim: a hound (moderately wounded)
The blast of sand misses the hound.
l - 50 stones The sky beast flickers out of sight!
Deactivating autopickup; reactivate with Ctrl-A.
The hound barely misses you.
Casting: Sandblast (safe; 2% risk of failure)
Confirm with . or Enter, or press ? or * to list all spells.
Aiming: Sandblast (safe; 2% risk of failure)
Press: ? - help, Shift-Dir - straight line, f/p - hound
Aim: a hound (moderately wounded)
The blast of sand misses the hound.
l - 49 stones The hound bites you.
* * * LOW HITPOINT WARNING * * *
The hound misses you.
Casting: Sandblast (safe; 2% risk of failure)
Confirm with . or Enter, or press ? or * to list all spells.
Aiming: Sandblast (safe; 2% risk of failure)
Press: ? - help, Shift-Dir - straight line, f/p - hound
Aim: a hound (moderately wounded)
The blast of sand hits the hound.
The hound is heavily wounded.
l - 48 stones The hound barely misses you.
Casting: Sandblast (safe; 2% risk of failure)
Confirm with . or Enter, or press ? or * to list all spells.
Aiming: Sandblast (safe; 2% risk of failure)
Press: ? - help, Shift-Dir - straight line, f/p - hound
Aim: a hound (heavily wounded)
The blast of sand hits the hound.
The hound is almost dead.
l - 47 stones The hound bites you.
* * * LOW HITPOINT WARNING * * *
The hound barely misses you. Something hits you.
* * * LOW HITPOINT WARNING * * *
Something shocks you.
You die...

#...#
#...#
#...#
#...#
#...#
#...#
#...#
+...#
#.@.#
#.h{#
#...#
##(.#
#..#
...(
....
#(.(.


You could see a hound.

Vanquished Creatures
  A hound (D:4)
  An orc priest (D:3)
  An orc wizard (D:3)
  5 adders
  An ooze (D:4)
  A worm (D:3)
  3 dart slugs (D:2)
  2 leopard geckos
  12 orcs
  2 giant cockroaches (D:1)
  4 goblins
  8 hobgoblins
  4 jackals
  6 kobolds
  A ball python (D:2)
  5 bats
  2 frilled lizards (D:1)
  2 gnoll zombies (D:3)
  6 rats
67 creatures vanquished.

Vanquished Creatures (others)
  3 plants (D:3)
3 creatures vanquished.

Grand Total: 70 creatures vanquished

Notes
Turn   | Place    | Note
-------+----------+-------------------------------------------
     0 | D:1      | Amnesiac the Mummy Earth Elementalist began the quest for the Orb.
     0 | D:1      | Reached XP level 1. HP: 13/13 MP: 4/4
   163 | D:1      | Reached XP level 2. HP: 5/19 MP: 0/5
   167 | D:1      | Learned a level 2 spell: Passwall
   897 | D:2      | Reached XP level 3. HP: 24/24 MP: 7/7
  1055 | D:1      | Learned a level 3 spell: Stone Arrow
  1106 | D:2      | Found a glowing golden altar of the Shining One.
  1540 | D:2      | Reached XP level 4. HP: 28/30 MP: 9/9
  1702 | D:3      | Found a faded altar of an unknown god.
  2097 | D:3      | Found a basalt altar of Yredelemnul.
  2204 | D:3      | Reached XP level 5. HP: 22/35 MP: 11/11
  2396 | D:4      | HP: 1/35 [adder (3)]
  2543 | D:4      | Found a sacrificial altar of Ru.
  2556 | D:5      | Entered Level 5 of the Dungeon
  2727 | D:5      | Noticed a sky beast
  2732 | D:5      | Slain by a sky beast

Vault maps used:
D:1:      saegor_arrival_under_anarchy
D:2:      lemuel_doored_altar, first_ration
D:3:      lemuel_zombie_altar_yredelemnul, chequers_ecumenical_altar_lobes,
          due_unseen_surprise
D:4:      nicolae_ru_awakened_eye, guppyfry_shop_venom
D:5:      nicolae_gozag_seed_capital, grunt_temple_overflow_growth_and_decay,
          overflow_temple_1_default, uniq_sigmund, uniq_ijyb

Skill      XL: |  1  2  3  4 |
---------------+-------------+-----
Spellcasting   | 3 4 |  4.6
Earth Magic    | 3 4 |  4.6
Dodging        | |  1.5
Stealth        | |  1.5
Transmutations | |  0.7

Action                   |  1- 3 |  4- 6 || total
-------------------------+-------+-------++-------
Melee: Unarmed           |    48 |       ||    48
       Short sword       |    17 |       ||    17
 Fire: Hunting sling     |    33 |    87 ||   120
 Cast: Sandblast         |    28 |    30 ||    58
Armor: Robe              |    21 |     7 ||    28
Dodge: Dodged            |    50 |    34 ||    84

Table legend:
 A = Spawn XP
 B = Non-spawn XP
 C = Spawn XP percentage of total XP
 D = Spawn monster count
 E = Non-spawn monster count
 F = Spawn count percentage of total count
 G = Total turns spent on level
                    A         B        C        D         E        F      G
               +---------+---------+-------+---------+---------+-------+---------
         Total |       0 |     316 |   0.0 |       0 |      67 |   0.0 |  2732
               +---------+---------+-------+---------+---------+-------+---------
           D:1 |       0 |      25 |   0.0 |       0 |      15 |   0.0 |   810
           D:2 |       0 |      73 |   0.0 |       0 |      20 |   0.0 |   828
           D:3 |       0 |     146 |   0.0 |       0 |      25 |   0.0 |   754
           D:4 |       0 |      67 |   0.0 |       0 |       5 |   0.0 |   164
           D:5 |       0 |       5 |   0.0 |       0 |       2 |   0.0 |   176
               +---------+---------+-------+---------+---------+-------+---------
